 Dungeon Crawl Stone Soup version 0.31.0-1-g2c135a008e (webtiles) character file.

Game seed: 14200419003195949351

92 qw the Shooter (level 4, -2/35 HPs)
             Began as a Djinni Hunter on Jan 24, 2024.
             Slain by a goblin
             ... wielding a +0 club
             ... led by Robin
              (3 damage)
             ... on level 3 of the Dungeon.
             The game lasted 00:00:06 (1645 turns).

qw the Shooter (Djinni Hunter)                      Turns: 1645, Time: 00:00:06

Health: -2/35      AC:  3    Str: 10    XL:     4   Next: 90%
Gold:   127        EV: 12    Int: 11    God:
                   SH:  0    Dex: 18

rFire   + + +        a - +0 shortbow
rCold   x . .        (shield currently unavailable)
rNeg    . . .        c - +0 leather armour
rPois   inf          (no helmet)
rElec   .            (no cloak)
rCorr   .            (no gloves)
SInv    .            (boots unavailable)
Will    .....        (no amulet)
Stlth   ++           j - ring of protection from fire
HPRegen 0.25/turn    (no ring)
MPRegen 0.00/turn

%: infuse magic (-3 HP)
@: about to teleport, flying
A: sickness immunity, fire resistance 2, cold vulnerability 1, float, innate
caster, HP casting, extra vitality 1
a: no special abilities


You were on level 3 of the Dungeon.
You visited 1 branch of the dungeon, and saw 3 of its levels.

You collected 127 gold pieces.


Innate Abilities, Weirdness & Mutations

You are immune to sickness and miasma.
You are immune to poison.
Your flesh is very heat resistant. (rF++)
You are vulnerable to cold. (rC-)
You float through the air rather than walking.
You learn spells naturally, not from books.
Your magical power is your life essence.
You have superior vitality. (+4 MHP)


   Skills:
 - Level 3.0 Fighting
 + Level 4.1 Ranged Weapons
 - Level 3.0 Dodging
 - Level 0.7 Stealth


You knew the following spells:

 Your Spells              Type           Power      Damage    Failure   Level
a - Summon Small Mammal   Summ           0%         N/A       43%         1
Your spell library was empty.

Inventory:

Hand Weapons
 a - a +0 shortbow (weapon)
Armour
 c - a +0 leather armour (worn)
Jewellery
 j - a ring of protection from fire (left hand)
Scrolls
 b - 4 scrolls of teleportation
 e - a scroll of summoning {unknown}
Potions
 d - a potion of heal wounds {unknown}
 f - a potion of might
 g - a potion of haste {unknown}
 h - a potion of curing {unknown}

Dungeon Overview and Level Annotations

Branches:
Dungeon (3/15)

Altars:


Message History

The goblin shouts! x2
Robin roars a battlecry!
The goblins go into a battle-frenzy!
Items here: %%% )).
You shoot an arrow. The arrow barely misses Robin.
A goblin comes into view. It is wielding a +0 club.
You shoot an arrow. The arrow barely misses Robin.
You shoot an arrow. The arrow hits Robin.
Robin is moderately wounded.
Robin barely misses you. The goblin hits you but does no damage.
You shoot an arrow. The arrow barely misses Robin.
Robin barely misses you. The goblin hits you with a +0 club.
You shoot an arrow. The arrow hits Robin!
Robin is almost dead.
Robin throws the goblin at you! The goblin closely misses you.
The goblin hits you with a +0 dagger. The goblin hits you with a +0 club.
Robin barely misses you.
You shoot an arrow. The arrow hits Robin!
You kill Robin!
The goblin closely misses you.
You shoot an arrow. The arrow barely misses the goblin.
The goblin closely misses you. x2; The goblin barely misses you.
You shoot an arrow. The arrow hits the goblin.
You kill the goblin!
The goblin misses you. The goblin closely misses you.
You shoot an arrow. The arrow closely misses the hobgoblin.
The goblin barely misses you. The goblin hits you with a +0 club.
The hobgoblin hits you but does no damage.
The goblin hits you with a +0 club. The goblin hits you with a +0 dagger.
The hobgoblin closely misses you.
You shoot an arrow. The arrow hits the hobgoblin.
The hobgoblin is moderately wounded.
The hobgoblin hits you. The goblin hits you with a +0 club.
The goblin hits you with a +0 dagger.
1645 ||| READING 5 scrolls of teleportation.
As you read the scroll of teleportation, it crumbles to dust.
You feel strangely unstable.
The hobgoblin no longer looks unusually strong.
The hobgoblin closely misses you. The goblin hits you with a +0 club.
You die...

#####.# #####.#
..# ......## ..#
####.#.## .)#
....###.# ..#
####.#)%# ..#
##.#.# ..###
#####.#.#
######g...#
........#
#...g@g#
#######.#
#.###### #.#
#...# #.# ###.#
#.######.#####.#
#.......%......#
#.######.#######
#.### #.# #...#
#.#


You could see a hobgoblin and 2 goblins.

Vanquished Creatures
  Robin (D:3)
  An adder (D:3)
  An orc (D:3)
  9 ball pythons
  2 bats (D:1)
  3 endoplasms
  4 giant cockroaches
  8 goblins
  13 hobgoblins
  7 jackals
  3 frilled lizards
  4 kobolds
  5 rats
61 creatures vanquished.

Notes
Turn   | Place    | Note
-------+----------+-------------------------------------------
     0 | D:1      | qw the Djinni Hunter began the quest for the Orb.
     0 | D:1      | Reached XP level 1. HP: 18/18 MP: 0/0
     0 | D:1      | 0 ||| qw: Version: 0.3-a-136-gdd3b4e8
     0 | D:1      | 0 ||| qw: Game counter: 1274
     0 | D:1      | 0 ||| qw: Melee chars always use a shield: true
     0 | D:1      | 0 ||| qw: God list: Okawaru
     0 | D:1      | 0 ||| qw: Allow faded altars: false
     0 | D:1      | 0 ||| qw: Do Orc after clearing Dungeon:15 true
     0 | D:1      | 0 ||| qw: Do second Lair branch before Depths: true
     0 | D:1      | 0 ||| qw: Lair rune preference: random
     0 | D:1      | 0 ||| qw: Goals: Normal
     0 | D:1      | 0 ||| PLANNING D:1-11
    91 | D:1      | Reached XP level 2. HP: 23/23 MP: 0/0
   350 | D:1      | Reached skill level 4 in Ranged Weapons
   350 | D:1      | Reached XP level 3. HP: 28/28 MP: 0/0
   350 | D:1      | Learned a level 1 spell: Summon Small Mammal
   710 | D:1      | 710 ||| READING 2 scrolls labelled CICIZ WAASM.
   711 | D:1      | 711 ||| READING scroll labelled QIDGHO SUKHEUPN.
   714 | D:1      | 714 ||| DROPPING scroll of butterflies.
   715 | D:1      | 715 ||| DROPPING scroll of fog.
   769 | D:2      | Found a faded altar of an unknown god.
  1168 | D:2      | Reached XP level 4. HP: 34/34 MP: 0/0
  1312 | D:2      | Reached skill level 3 in Fighting
  1380 | D:2      | 1380 ||| UPGRADING to ring of protection from fire.
  1381 | D:2      | 1381 ||| READING 2 scrolls labelled ZYPUCA DOPNI.
  1381 | D:2      | 1381 ||| IDENTIFYING smoky blue potion
  1382 | D:2      | 1382 ||| READING scroll of identify.
  1382 | D:2      | 1382 ||| IDENTIFYING grey potion
  1383 | D:2      | 1383 ||| READING scroll labelled CILARU GYITZ.
  1384 | D:2      | 1384 ||| DROPPING potion of lignification.
  1628 | D:3      | Reached skill level 3 in Dodging
  1634 | D:3      | Noticed Robin
  1640 | D:3      | Killed Robin
  1644 | D:3      | HP: 8/35 [hobgoblin[Robin] (6)]
  1644 | D:3      | HP: 3/35 [goblin/+0 club[Robin] (5)]
  1644 | D:3      | HP: 1/35 [goblin/+0 dagger[Robin] (2)]
  1645 | D:3      | 1645 ||| READING 5 scrolls of teleportation.
  1645 | D:3      | Slain by a goblin

Levels and vault maps discovered:
D:1:      lemuel_arrival_broad_hall, layout_basic
D:2:      layout_loops_cross, ebering_ecumenical_altar_box, grunt_ministairs_1
D:3:      layout_loops_ring, uniq_robin

Skill      XL: |  1  2  3  4 |
---------------+-------------+-----
Ranged Weapons | 4 |  4.1
Fighting       | 3 |  3.0
Dodging        | 3 |  3.0
Stealth        | |  0.7

Action                     |  1- 3 |  4- 6 || total
---------------------------+-------+-------++-------
   Fire: Shortbow          |   117 |    72 ||   189
    Use: Scroll            |     2 |     4 ||     6
 Armour: Leather armour    |    34 |    47 ||    81
  Dodge: Dodged            |    48 |    50 ||    98

Table legend:
 A = Non-vault XP
 B = Vault XP
 C = Vault XP percentage of total XP
 D = Non-vault monster count
 E = Vault monster count
 F = Vault count percentage of total count
                 A         B        C        D         E       F
            +---------+---------+-------+---------+---------+-------
      Total |     101 |      31 |  23.5 |      51 |      10 |  16.4
            +---------+---------+-------+---------+---------+-------
        D:1 |      47 |       0 |   0.0 |      27 |       0 |   0.0
        D:2 |      22 |       3 |  12.0 |      13 |       2 |  13.3
        D:3 |      32 |      28 |  46.7 |      11 |       8 |  42.1
            +---------+---------+-------+---------+---------+-------
